Map: Overgrowth LE (Void)

Players

Fropez - Winner!

  • Race: Protoss Protoss
  • League: Gold
  • Spawn Location: 1:00

DeadPool

  • Race: Zerg Zerg
  • League: Gold
  • Spawn Location: 7:00

VOD

Have the link to the VOD?

Description

Time

  • Played on: Dec. 21, 2016, 6:27 p.m.
  • Length: 12:46
Show
View Real Time Build Order
Export as new Build Order

Fropez Protoss - Winner!

Build Orders: 1 Gate Expand, Mass Adepts 

Get SALT Encoding   

  12  0:00  Probe (Chrono Boost)  
  13  0:11  Probe (Chrono Boost)  
  14  0:18  Pylon  
  14  0:26  Pylon  
  14  0:28  Probe (Chrono Boost)  
  15  0:44  Probe (Chrono Boost), Gateway  
  17  1:08  Nexus  
  17  1:11  Probe (Chrono Boost)  
  17  1:21  Probe (Chrono Boost)  
  17  1:24  Assimilator  
  18  1:32  Probe (Chrono Boost)  
  19  1:33  Cybernetics Core  
  19  1:43  Probe (Chrono Boost)  
  20  1:49  Assimilator  
  20  1:53  Probe (Chrono Boost)  
  21  1:57  Gateway  
  21  2:05  Probe (Chrono Boost)  
  22  2:15  Probe (Chrono Boost)  
  23  2:19  Adept  
  25  2:24  Probe (Chrono Boost)  
  25  2:28  Pylon  
  25  2:35  Mothership Core (Chrono Boost)  
  27  2:40  Pylon  
  27  2:42  Probe (Chrono Boost)  
  28  2:46  Adept  
  30  2:51  Adept  
  30  2:52  Probe (Chrono Boost)  
  33  3:00  Probe (Chrono Boost)  
  33  3:01  Warp Gate  
  34  3:10  Probe (Chrono Boost)  
  34  3:11  Probe (Chrono Boost)  
  36  3:13  Assimilator  
  36  3:18  Adept  
  36  3:19  Adept  
  40  3:20  Probe (Chrono Boost)  
  41  3:30  Probe (Chrono Boost)  
  42  3:36  Gateway  
  42  3:40  Gateway  
  42  3:43  Probe (Chrono Boost)  
  42  3:44  Probe (Chrono Boost)  
  42  3:47  Adept  
  42  3:48  Adept  
  48  3:53  Probe (Chrono Boost)  
  50  3:56  Probe (Chrono Boost)  
  50  4:04  Probe (Chrono Boost)  
  50  4:08  Probe (Chrono Boost)  
  52  4:14  Probe (Chrono Boost)  
  53  4:17  Gateway  
  53  4:27  Pylon  
  53  4:34  Adept  
  53  4:45  Adept x3  
  53  4:49  Twilight Council  
  53  4:50  Pylon  
  53  4:51  Robotics Facility  
  57  4:55  Pylon, Probe (Chrono Boost)  
  57  4:56  Probe (Chrono Boost)  
  55  5:25  Resonating Glaives  
  55  5:29  Adept x2  
  55  5:30  Adept x3  
  63  5:39  Warp Prism  
  65  5:46  Pylon  
  65  5:49  Forge  
  65  5:55  Pylon  
  65  5:56  Probe (Chrono Boost)  
  67  5:58  Probe (Chrono Boost)  
  67  6:04  Adept x2  
  67  6:05  Adept x3  
  62  6:26  Probe (Chrono Boost)  
  62  6:27  Probe (Chrono Boost)  
  62  6:30  Stalker x4  
  62  6:31  Stalker  
  70  6:40  Protoss Ground Weapons Level 1  
  70  6:52  Immortal  
  74  6:59  Assimilator  
  64  7:20  Adept  
  64  7:21  Adept  
  55  7:34  Adept  
  55  7:49  Adept x2  
  57  8:09  Stalker x2  
  57  8:10  Nexus  
  63  8:13  Probe x2 (Chrono Boost), Assimilator  
  63  8:18  Assimilator  
  63  8:22  Pylon  
  63  8:25  Pylon  
  63  8:27  Pylon  
  63  8:32  Pylon  
  63  8:52  Protoss Ground Weapons Level 2  
  57  9:05  Adept x5  
  67  9:10  Probe x2 (Chrono Boost)  
  63  9:22  Probe (Chrono Boost)  
  63  9:23  Probe x2 (Chrono Boost), Photon Cannon  
  66  9:28  Photon Cannon  
  66  9:31  Photon Cannon  
  66  9:34  Pylon  
  66  9:35  Probe (Chrono Boost)  
  66  9:37  Pylon  
  63  9:44  Adept  
  63  9:45  Adept x4  
  73  9:53  Probe (Chrono Boost)  
  73  9:54  Probe (Chrono Boost)  
  73  9:55  Probe (Chrono Boost), Charge  
  76  10:11  Immortal  
  80  10:15  Probe (Chrono Boost)  
  80  10:16  Probe (Chrono Boost)  
  82  10:26  Probe (Chrono Boost)  
  82  10:28  Probe x2 (Chrono Boost)  
  85  10:40  Sentry x2  
  85  10:41  Sentry x3  
  95  10:52  Probe (Chrono Boost)  
  95  10:53  Probe x2 (Chrono Boost)  
  95  10:56  Immortal  
  102  11:02  Probe (Chrono Boost)  
  105  11:05  Probe x2 (Chrono Boost)  
  105  11:08  Adept  
  105  11:09  Adept x2  
  105  11:10  Adept x2  
  115  11:13  Probe (Chrono Boost)  
  115  11:17  Probe (Chrono Boost)  
  117  11:31  Probe (Chrono Boost), Gateway  
  117  11:32  Gateway  
  120  11:33  Probe x2 (Chrono Boost)  
  120  11:38  Adept x2  
  120  11:39  Adept x2  
  128  11:40  Adept  
  130  11:49  Probe (Chrono Boost)  
  130  11:51  Probe x2 (Chrono Boost)  
  133  12:03  Adept x2  
  133  12:04  Adept x3  
Show
View Real Time Build Order
Export as new Build Order

DeadPool Zerg 

Build Orders: Hatch First 

Get SALT Encoding   

  12  0:01  Drone  
  13  0:14  Overlord  
  13  0:20  Drone  
  14  0:34  Drone x2  
  16  0:36  Drone  
  17  0:56  Hatchery  
  16  1:07  Spawning Pool  
  16  1:09  Drone  
  16  1:12  Drone  
  16  1:16  Extractor  
  16  1:18  Drone  
  17  1:28  Drone  
  18  1:42  Overlord  
  18  1:53  Queen  
  20  2:01  Zergling x4  
  21  2:08  Queen, Zergling x2  
  25  2:18  Zergling x2  
  26  2:27  Drone  
  27  2:37  Overlord  
  27  2:38  Drone x2  
  29  2:47  Drone x2  
  29  2:49  Overlord  
  31  2:55  Metabolic Boost  
  27  3:16  Zergling x6  
  27  3:17  Zergling x6  
  27  3:18  Zergling x2  
  34  3:30  Zergling x4  
  34  3:31  Zergling x2  
  37  3:39  Drone x2, Spore Crawler  
  38  3:41  Spore Crawler  
  38  3:43  Hatchery  
  36  3:54  Drone x2  
  38  3:58  Roach Warren, Drone x2  
  38  4:22  Spine Crawler  
  35  4:38  Zergling x2  
  33  4:39  Zergling x18  
  38  4:56  Queen, Zergling x2  
  40  5:13  Zergling x2  
  39  5:18  Zergling x2  
  38  5:29  Drone  
  39  5:36  Drone x4  
  43  5:47  Drone  
  43  5:48  Drone  
  43  5:49  Spine Crawler  
  44  5:53  Overlord  
  44  5:55  Extractor, Drone x2  
  41  6:17  Roach x12  
  57  6:32  Spine Crawler  
  53  6:33  Spine Crawler x2  
  51  6:44  Drone  
  37  7:18  Zergling x2  
  37  7:19  Zergling x22  
  25  7:38  Spine Crawler  
  12  7:59  Drone x3  
  15  8:16  Roach  
  15  8:17  Roach  
  15  8:19  Drone  
  20  8:31  Drone  
  23  8:34  Roach x2  
  23  8:35  Roach  
  12  9:16  Roach x2  
  12  9:17  Roach  
  17  9:37  Drone  
  17  9:42  Drone x3  
  20  10:01  Drone  
  21  10:18  Drone  
  22  10:26  Drone x2  
  24  10:34  Drone  
  25  10:48  Drone  
  25  10:49  Drone  
  27  10:52  Drone  
  27  10:55  Drone  
  29  11:03  Drone  
  30  11:07  Drone  
  31  11:19  Drone x2  
  31  11:23  Roach x2  
  37  11:35  Overlord  
  37  11:40  Queen  
  37  11:42  Drone  
  40  11:50  Drone  
  40  11:53  Drone x2  
  43  11:58  Drone  
  44  12:06  Drone  
  45  12:12  Drone  
Tags
 
Add a new tag
Caveats
  • Supply blocks, unpowered buildings, or Contaminate may cause inaccurate times.
  • Supply counts are checked every 10 seconds.